 Dungeon Crawl Stone Soup version 0.28-a0-1347-g113dc556a4 (webtiles) character file.

Game seed: 1825615959118018937

82 browni3141 the Chopper (level 4, -1/36 HPs)
             Began as a Ghoul Gladiator on Dec 29, 2021.
             Killed from afar by Sigmund (7 damage)
             ... with a puff of flame
             ... on level 2 of the Dungeon.
             The game lasted 00:04:51 (2932 turns).

browni3141 the Chopper (Ghoul Gladiator)            Turns: 2932, Time: 00:04:52

Health: -1/36      AC:  8    Str: 19    XL:     4   Next: 43%
Magic:  3/3        EV: 10    Int:  3    God:
Gold:   37         SH:  0    Dex: 10    Spells: 3/3 levels left

rFire   . . .      SeeInvis .   a - +0 war axe
rCold   + . .      Faith    .   (no shield)
rNeg    + + +      Spirit   .   k - +0 scale mail
rPois   ∞          Reflect  +   c - +0 helmet
rElec   .          Harm     .   (no cloak)
rCorr   .          Rampage  .   (no gloves)
Will    .....                   l - +0 pair of boots
Stlth   ..........              f - amulet of reflection
HPRegen 0.00/turn               (no ring)
MPRegen 0.08/turn               (no ring)

@: confused, inhibited regen
A: claws 1, cold resistance 1, negative energy resistance 3, inhibited
regeneration, torment resistance 2
a: no special abilities


You were on level 2 of the Dungeon.
You visited 1 branch of the dungeon, and saw 2 of its levels.

You collected 37 gold pieces.

Inventory:

Hand Weapons
 a - a +0 war axe (weapon)
Armour
 b - a +0 leather armour
 c - a +0 helmet (worn)
 k - a +0 scale mail (worn)
 l - a +0 pair of boots (worn)
Jewellery
 f - an amulet of reflection (around neck)
Scrolls
 e - 2 scrolls of enchant armour {unknown}
 g - 2 scrolls of identify {unknown}
 i - a scroll of immolation {unknown}
 j - a scroll of vulnerability {unknown}
 m - 2 scrolls of teleportation {unknown}
Potions
 h - a potion of heal wounds {unknown}
 n - a potion of flight {unknown}


   Skills:
 - Level 2.1 Fighting
 * Level 4.6 Axes
 - Level 1.7 Throwing
 - Level 2.6 Dodging


You had 3 spell levels left.
You didn't know any spells.
Your spell library contained the following spells:

 Spells                   Type           Power      Damage    Failure   Level
 Animate Skeleton         Necr           0%         N/A       89%         1
 Pain                     Necr           0%         1d4       89%         1
 Vampiric Draining        Necr           0%         2d6       99%         3


Dungeon Overview and Level Annotations

Branches:
Dungeon (2/15)

Altars:

Annotations:
D:2 Sigmund


Innate Abilities, Weirdness & Mutations

You thrive by killing the living.
You are immune to poison.
You have sharp fingernails.
Your flesh is cold resistant. (rC+)
You are immune to negative energy. (rN+++)
You do not regenerate when monsters are visible.
You are immune to unholy pain and torment.


Message History

Sigmund hits you but does no damage.
Sigmund points at you and mumbles some strange words.
You resist with some effort.
Sigmund is nearby!
Sigmund hits you but does no damage.
You feel less confused. Sigmund closely misses you.
Sigmund says, "Don't worry, I'll kill you fast."
Sigmund hits you with a +0 scythe!
You barely miss Sigmund.
Sigmund is lightly wounded.
Sigmund mumbles some strange words.
Sigmund flickers and vanishes!
You closely miss something. Something hits you but does no damage.
You slash something!
You hear some strange, mumbled words.
A puff of flame appears from out of thin air!
The puff of flame hits you.
You hit something.
You hear some strange, mumbled words.
You are confused.
You miss something.
You hear some strange, mumbled words.
Something tries to affect you, but you resist.
You bump into the rock wall.
Something hits you!
You miss something.
You hear some strange, mumbled words.
A magic dart appears from out of thin air!
The magic dart hits you.
* * * LOW HITPOINT WARNING * * *
You bump into the rock wall.
Something hits you.
* * * LOW HITPOINT WARNING * * *
You completely miss something.
You hear some strange, mumbled words.
You are more confused.
You bump into the rock wall.
You hear some strange, mumbled words.
A puff of flame appears from out of thin air!
The puff of flame hits you!
You die...

#r#...#...##.#########
###.###.#.####...)......
#.....#..(####..########
#.###...........#
#.#.##...#####.##
#.##.#...## #...#
#..##.....###...#
#####..).{##.......# #
#........#@##..##.## #
#........##.#..##.# #
#.#####...###.###.# #.#
#.#.....# #.# #.#
#.###.### #.# #.#####.#
#.# #.# #.......# #.#
#.# #.####..# #.# #.#
###### #.# #..# #.# #.#
#.....


There were no monsters in sight!

Vanquished Creatures
  Terence (D:2)
  A gnoll (D:1)
  An adder (D:2)
  A worm (D:2)
  4 ball pythons
  3 bats
  5 endoplasms
  2 giant cockroaches (D:2)
  A goblin (D:2)
  3 hobgoblins (D:2)
  A quokka (D:2)
  7 frilled lizards (D:1)
  A kobold (D:2)
  4 rats
35 creatures vanquished.

Notes
Turn   | Place    | Note
-------+----------+-------------------------------------------
     0 | D:1      | browni3141 the Ghoul Gladiator began the quest for the Orb.
     0 | D:1      | Reached XP level 1. HP: 17/17 MP: 0/0
    45 | D:1      | Reached skill level 3 in Axes
    45 | D:1      | Reached XP level 2. HP: 24/24 MP: 1/1
   548 | D:1      | Reached XP level 3. HP: 29/29 MP: 2/2
   555 | D:1      | Found a faded altar of an unknown god.
   662 | D:1      | You fall into a shaft and drop 1 floor!
   715 | D:2      | Noticed Terence
   729 | D:2      | Killed Terence
   730 | D:2      | Reached skill level 4 in Axes
  1073 | D:2      | Reached XP level 4. HP: 36/36 MP: 3/3
  1240 | D:2      | Noticed Sigmund
  2932 | D:2      | Killed from afar by Sigmund

Illustrated notes

Levels and vault maps discovered:
D:1:      amcnicky_arrival_underground_garden, layout_basic,
          ebering_ecumenical_altar_mist, minmay_lizard_pond
D:2:      layout_loops_ring, minmay_bisected, uniq_terence, uniq_sigmund

Skill      XL: |  1  2  3 |
---------------+----------+-----
Axes           | 3 4 |  4.6
Fighting       | |  2.1
Throwing       | |  1.7
Dodging        | |  2.6

Action                   |  1- 3 |  4- 6 || total
-------------------------+-------+-------++-------
Melee: War axe           |    75 |    71 ||   146
Throw: Throwing net      |     4 |     4 ||     8
Armor: Leather armour    |    24 |       ||    24
       Scale mail        |     7 |    20 ||    27
Dodge: Dodged            |    64 |    34 ||    98
Block: Other             |     6 |    15 ||    21

Table legend: (Time is in decaauts)
 A = Elapsed time spent in this place.
 B = Non-inter-level travel time spent in this place.
 C = Inter-level travel time spent in this place.
 D = Time resting spent in this place.
 E = Time spent auto-exploring this place.
 F = Levels seen in this place.
 G = Mean time per level.
                   A        B        C        D        E       F      G
               +--------+--------+--------+--------+--------+-----+--------+
         Total |   2973 |   2799 |    174 |    278 |   1323 |   2 | 1486.5 |
       Dungeon |   2973 |   2799 |    174 |    278 |   1323 |   2 | 1486.5 |
               +--------+--------+--------+--------+--------+-----+--------+

Top non-repeatable levels by time:
     D:2: 2296 daAuts
     D:1: 677 daAuts
